 Dungeon Crawl Stone Soup version 0.19.5 (webtiles) character file.

191 Gargoyl the Skirmisher (level 5, -3/46 HPs)
             Began as a Ghoul Abyssal Knight on Mar 20, 2017.
             Was a Believer of Lugonu.
             Slain by Ijyb
             ... wielding a +0 dagger of distortion
              (5 damage)
             ... on level 3 of the Dungeon.
             The game lasted 00:06:08 (2744 turns).

Gargoyl the Skirmisher (Ghoul Abyssal Knight)       Turns: 2744, Time: 00:06:09

Health: -3/46      AC:  9    Str: 16    XL:     5   Next: 70%
Magic:  6/6        EV:  7    Int:  7    God:    Lugonu [**....]
Gold:   139        SH:  0    Dex:  9    Spells: 0 memorised, 4 levels left

rFire  . . .     SeeInvis .     i - +3 glaive (chop)
rCold  + . .     Gourm    .     e - +0 chain mail
rNeg   + + +     Faith    .     (shield currently unavailable)
rPois  ∞         Spirit   .     (no helmet)
rElec  .         Reflect  .     (no cloak)
rCorr  .         Harm     .     (no gloves)
MR     .....                    (no boots)
Stlth  ..........               (no amulet)
                                (no ring)
                                (no ring)

@: rotting
A: rotting body, claws 1, carnivore 3, cold resistance 1, negative energy
resistance 3, slow regeneration 1, torment resistance, unbreathing
a: Depart the Abyss, Bend Space, Renounce Religion


You were on level 3 of the Dungeon.
You worshipped Lugonu.
Lugonu was pleased with you.
You were not hungry.

You visited 1 branch of the dungeon, and saw 3 of its levels.
You visited the Abyss 2 times.

You collected 139 gold pieces.

Inventory:

Hand Weapons
 a - a +1 hand axe
 i - a +3 glaive of chopping (weapon)
Armour
 e - a +0 chain mail (worn)
Jewellery
 f - an uncursed amulet of regeneration {unknown}
 g - a cursed amulet of inaccuracy {unknown}
Potions
 b - 4 potions of curing {unknown}
 d - a potion of heal wounds {unknown}
 h - a potion of flight {unknown}
Comestibles
 c - 3 meat rations
 j - a slice of pizza
 k - a beef jerky


   Skills:
 + Level 4.1 Fighting
 + Level 2.3(2.6) Axes
 + Level 1.7(2.3) Polearms
 * Level 3.2 Armour
 + Level 0.8 Dodging
 * Level 3.2 Invocations


You had 4 spell levels left.
You didn't know any spells.

Dungeon Overview and Level Annotations

Branches:
Dungeon (3/15)

Altars:
Kikubaaqudgha
Okawaru
Trog
Xom

Annotations:
D:3 Ijyb


Innate Abilities, Weirdness & Mutations

Your body is rotting away.
You thrive on raw meat.
You are immune to poison.
You have sharp fingernails.
You are carnivorous and can eat meat at any time.
Your flesh is cold resistant. (rC+)
You are immune to negative energy. (rN+++)
You regenerate slowly when monsters are visible.
You are immune to unholy pain and torment.
You can survive without breathing.


Message History

Ijyb shouts!
You barely miss Ijyb. Ijyb hits you but does no damage. Space bends around you.
Ijyb hits you but does no damage. Space bends around you.
Your chain mail prevents you from hitting Ijyb.
Ijyb hits you but does no damage. Space warps horribly around you!
Ijyb hits you but does no damage.
You feel strangely unstable.
You slash Ijyb!
Ijyb is severely wounded.
Ijyb hits you but does no damage. Space warps horribly around you!
* * * LOW HITPOINT WARNING * * *
You barely miss Ijyb.
Ijyb is severely wounded.
Ijyb screams, "Get away!"
Ijyb barely misses you. Ijyb hits you but does no damage.
You feel strangely stable.
Unknown command.
You closely miss Ijyb.
Ijyb is severely wounded.
Ijyb hits you but does no damage. Space bends around you.
You die...

#.#
#.....##...#.#######
#.# #..........#.#
#.# ####...###..#.#
#.# #.####.#....#.#
#.# ##_.≈#..#.#..#.#
#.# #8...)....#.##.#
######.#
##_.≈#....#..#.#
.......# #.###..#.#
########
#######@.#.#
#......g.#.#
###+#.####.#>#.#
######.....# #.#.#.#
#...g......# #.#.#.#
#.####....<# #.#.#.#
#..g......## #.#.#
#.....#.### #.#.#
#.....'.... ..#


You could see Ijyb.

Vanquished Creatures
  Natasha (thrice) (D:3)
  3 adders (D:3)
  An ooze (D:3)
  4 worms
  2 dart slugs (D:1)
  3 leopard geckos
  An orc (D:3)
  8 bats
  A giant cockroach (D:2)
  10 goblins
  4 hobgoblins
  7 jackals
  A quokka (D:2)
  4 frilled lizards
  6 kobolds
  11 rats
69 creatures vanquished.

Notes
Turn   | Place    | Note
-------+----------+-------------------------------------------
     0 | Abyss:1  | Gargoyl the Ghoul Abyssal Knight began the quest for the Orb.
     0 | Abyss:1  | Reached XP level 1. HP: 19/19 MP: 1/1
    34 | Abyss:1  | Noticed an ancient zyme
    40 | Abyss:1  | Found a sparkling altar of Nemelex Xobeh.
    74 | Abyss:1  | Noticed a large abomination
    88 | Abyss:2  | Found a corrupted altar of Lugonu.
    96 | Abyss:2  | Noticed a neqoxec
   102 | D:1      | Escaped the Abyss
   241 | D:1      | Reached XP level 2. HP: 15/26 MP: 2/2
   326 | D:1      | Reached * piety under Lugonu
   633 | D:1      | Reached XP level 3. HP: 31/31 MP: 3/3
  1087 | D:2      | Reached ** piety under Lugonu
  1242 | D:2      | Reached XP level 4. HP: 40/40 MP: 4/4
  1382 | D:2      | Found a shimmering altar of Xom.
  1896 | D:3      | Noticed Natasha
  1897 | D:3      | Found an ancient bone altar of Kikubaaqudgha.
  1902 | D:3      | Killed Natasha
  1902 | D:3      | Reached skill level 4 in Fighting
  1902 | D:3      | Reached skill level 1 in Polearms
  1985 | D:3      | Noticed Ijyb
  2248 | D:3      | Reached XP level 5. HP: 46/46 MP: 6/6
  2323 | D:3      | Noticed Natasha
  2334 | D:3      | Killed Natasha
  2442 | D:3      | Noticed Natasha
  2443 | D:3      | Killed Natasha
  2461 | D:3      | Found an iron altar of Okawaru.
  2463 | D:3      | Found a bloodstained altar of Trog.
  2515 | D:3      | Reached *** piety under Lugonu
  2515 | D:3      | Cast into level 2 of the Abyss (Ijyb)
  2629 | Abyss:2  | Noticed a bone dragon
  2676 | Abyss:2  | Noticed a tentacled starspawn
  2677 | Abyss:2  | Noticed a ynoxinul
  2686 | D:3      | Escaped the Abyss
  2742 | D:3      | HP: 2/46 [Ijyb/dagger of distortion (14)]
  2744 | D:3      | Slain by Ijyb

Skill      XL: |  1  2  3  4  5 |
---------------+----------------+-----
Armour         | 2 3 |  3.2
Axes           | 2 |  2.3
Fighting       | 4 |  4.1
Polearms       | 1 |  1.7
Invocations    | 3 |  3.2
Dodging        | |  0.8

Action                   |  1- 3 |  4- 6 || total
-------------------------+-------+-------++-------
Melee: Hand axe          |   139 |       ||   139
       Glaive            |     4 |   129 ||   133
Invok: Depart the Abyss  |     1 |     1 ||     2
  Use: Potion            |     1 |       ||     1
       Scroll            |       |     3 ||     3
  Eat: Chunk             |    21 |    17 ||    38
Armor: Chain mail        |    75 |   136 ||   211
Dodge: Dodged            |    67 |    88 ||   155
